Map: Honorgrounds LE

Players

Voltacus - Winner!

  • Race: Terran Terran
  • League: Diamond
  • Spawn Location: 11:00

juanofreniko

  • Race: Zerg Zerg
  • League: Platinum
  • Spawn Location: 7:00

VOD

Have the link to the VOD?

Description

Time

  • Played on: March 23, 2017, 2:29 p.m.
  • Length: 10:25
Show
View Real Time Build Order
Export as new Build Order

Voltacus Terran - Winner!

Build Orders: Reaper Expand, MMM Bio 

Get SALT Encoding   

  12  0:00  SCV  
  13  0:13  SCV  
  14  0:23  Supply Depot  
  14  0:25  SCV  
  15  0:45  SCV  
  15  0:46  Barracks  
  16  0:53  Refinery  
  16  0:57  SCV  
  17  1:09  SCV  
  18  1:22  SCV  
  19  1:35  Orbital Command  
  19  1:36  Reaper  
  20  1:47  Command Center  
  20  1:59  Barracks  
  20  2:02  SCV  
  21  2:09  Barracks Reactor  
  21  2:17  SCV  
  21  2:20  Supply Depot  
  22  2:23  Refinery  
  22  2:33  SCV  
  23  2:46  SCV  
  23  2:47  Marine x2  
  23  2:48  Barracks Tech Lab  
  26  2:52  Factory  
  26  2:58  SCV  
  27  3:04  Orbital Command  
  27  3:10  SCV  
  28  3:14  Marine x2  
  28  3:15  Marine  
  31  3:22  Stimpack  
  31  3:27  Supply Depot  
  31  3:29  SCV  
  31  3:33  SCV  
  33  3:37  Marine x2  
  33  3:39  Marine  
  35  3:46  Starport  
  35  3:49  Factory Reactor  
  35  3:51  SCV  
  35  3:53  SCV  
  37  3:59  Marine x2  
  37  4:00  Marine  
  40  4:03  SCV  
  40  4:07  SCV  
  42  4:15  SCV  
  43  4:19  SCV  
  43  4:20  Marine x3  
  47  4:28  SCV  
  47  4:31  SCV, Medivac  
  49  4:32  Medivac  
  49  4:37  Marine  
  54  4:50  Supply Depot  
  54  4:51  Supply Depot  
  54  4:57  Liberator  
  54  4:58  Liberator  
  54  5:12  SCV x2, Marine x3  
  59  5:18  Refinery x2  
  65  5:24  SCV x2  
  65  5:26  Supply Depot  
  65  5:27  Supply Depot  
  65  5:28  Command Center  
  67  5:29  Marine, Engineering Bay  
  68  5:36  SCV x2  
  70  5:47  Marine x2  
  70  6:05  Marine x2  
  69  6:31  Marine  
  70  6:34  Barracks Reactor  
  69  6:40  Supply Depot  
  69  6:42  Supply Depot  
  69  6:44  Terran Infantry Weapons Level 1  
  69  6:48  Engineering Bay  
  69  6:49  Marine, Factory Reactor  
  69  6:50  Medivac x2  
  74  6:58  Barracks  
  74  7:00  Barracks  
  74  7:11  SCV x2  
  69  7:23  SCV  
  69  7:26  Marine x2  
  69  7:27  Marine  
  69  7:28  Medivac  
  69  7:29  Medivac  
  74  7:44  Marine x3  
  75  8:00  Barracks Reactor x2  
  75  8:02  Marine x3  
  75  8:04  Combat Shields  
  75  8:05  Medivac x2  
  82  8:10  Orbital Command  
  82  8:12  SCV x2  
  81  8:20  Marine x3  
  81  8:24  SCV x2  
  81  8:25  Widow Mine  
  81  8:26  Bunker, Supply Depot x2  
  88  8:28  Bunker  
  88  8:31  Bunker  
  88  8:36  SCV x2  
  88  8:38  Marine x3  
  93  8:44  Marine x2  
  93  8:45  Marine x2  
  93  8:48  SCV  
  98  8:55  Marine x2  
  100  9:03  Marine x3  
  103  9:10  Marine  
  103  9:11  Marine  
  103  9:13  Marine  
  106  9:18  Marine  
  106  9:19  Widow Mine x2  
  106  9:21  Medivac x2, Marine x2  
  106  9:22  SCV x2  
  106  9:23  SCV  
  120  9:38  SCV x3  
  123  9:50  SCV  
  124  9:56  Marine x3  
  124  9:57  Marine x3  
  124  9:58  Marine  
Show
View Real Time Build Order
Export as new Build Order

juanofreniko Zerg 

Build Orders: Hatch First 

Get SALT Encoding   

  12  0:02  Drone  
  13  0:15  Overlord  
  13  0:18  Drone  
  14  0:34  Drone x2  
  16  0:38  Drone  
  17  0:58  Hatchery  
  17  1:00  Drone  
  17  1:01  Drone  
  18  1:04  Extractor  
  17  1:23  Spawning Pool  
  16  1:26  Drone  
  16  1:27  Drone  
  16  1:32  Drone  
  19  1:48  Overlord  
  19  2:00  Drone  
  20  2:03  Drone  
  21  2:11  Queen x2  
  21  2:12  Zergling x2  
  21  2:14  Metabolic Boost  
  26  2:17  Zergling x2  
  27  2:25  Drone  
  27  2:26  Drone  
  29  2:46  Queen x2  
  33  3:00  Overlord  
  33  3:01  Overlord  
  33  3:43  Drone x12  
  33  3:45  Lair  
  45  3:49  Baneling Nest  
  44  3:59  Hatchery  
  43  4:07  Zergling x2  
  43  4:08  Zergling x6  
  47  4:21  Zergling x8  
  50  4:32  Evolution Chamber  
  50  4:35  Evolution Chamber  
  48  4:44  Overlord x3  
  48  5:03  Drone  
  48  5:06  Spire  
  48  5:07  Baneling x2  
  48  5:08  Baneling x2  
  48  5:15  Drone x9  
  48  5:18  Extractor  
  48  5:19  Extractor  
  55  5:36  Zergling x2  
  50  5:53  Zergling x16  
  50  5:54  Zergling x10  
  61  6:12  Baneling  
  61  6:13  Baneling x6  
  58  6:21  Drone x3  
  61  6:34  Overlord x3  
  61  6:37  Queen x2  
  64  6:54  Baneling  
  58  6:58  Spore Crawler  
  56  7:02  Hatchery, Spore Crawler  
  56  7:03  Spore Crawler  
  47  7:33  Zergling x2  
  47  7:34  Zergling x20  
  57  7:41  Spore Crawler  
  50  8:01  Hatchery  
  50  8:05  Queen  
  47  8:06  Queen  
  47  8:09  Drone x6  
  47  8:10  Hatchery  
  56  8:20  Extractor  
  56  8:23  Extractor  
  54  8:41  Queen  
  55  9:11  Infestation Pit  
  55  9:15  Drone x9  
  55  9:16  Drone x4  
  67  9:42  Overlord x3  
  67  9:44  Drone x5  
  72  9:46  Drone  
  72  9:47  Drone, Extractor  
  72  9:55  Overseer x3  
  72  9:59  Baneling x10  
  72  10:00  Zergling x2  
  72  10:01  Zergling x18  
  72  10:04  Extractor  
Tags
 
Add a new tag
Caveats
  • Supply blocks, unpowered buildings, or Contaminate may cause inaccurate times.
  • Supply counts are checked every 10 seconds.